 Dungeon Crawl Stone Soup version 0.31.0-11-ge490571c62 (webtiles) character file.

Game seed: 13519984253518417529

86 qw the Shooter (level 4, -3/22 HPs)
             Began as a Spriggan Hunter on Feb 4, 2024.
             Incinerated by a bombardier beetle (4 damage)
             ... with a burning spray
             ... on level 4 of the Dungeon.
             The game lasted 00:00:04 (1090 turns).

qw the Shooter (Spriggan Hunter)                    Turns: 1090, Time: 00:00:05

Health: -3/22      AC:  2    Str:  7    XL:     4   Next: 26%
Magic:  5/5        EV: 20    Int: 10    God:
Gold:   136        SH:  0    Dex: 20    Spells: 3/3 levels left

rFire   . . .        a - +0 shortbow
rCold   . . .        (shield currently unavailable)
rNeg    . . .        c - +0 robe
rPois   .            (helmet restricted)
rElec   .            (no cloak)
rCorr   .            (gloves unavailable)
SInv    +            (boots unavailable)
Will    .....        (no amulet)
Stlth   +            (no ring)
HPRegen 0.23/turn    (no ring)
MPRegen 0.09/turn

%: no passive effects
@: on fire, glowing, very quick
A: very small, no large weapons, unfitting armour, see invisible, speed 3
a: no special abilities


You were on level 4 of the Dungeon.
You visited 1 branch of the dungeon, and saw 3 of its levels.

You collected 136 gold pieces.


Innate Abilities, Weirdness & Mutations

You are very small and have problems with some larger weapons.
You are too small for most types of armour.
You have supernaturally acute eyesight. (SInv)
You cover ground extremely quickly. (Speed+++)


   Skills:
 - Level 1.5 Fighting
 - Level 5.0 Ranged Weapons
 + Level 4.7 Dodging
 - Level 1.5 Stealth


You had 3 spell levels left.
You didn't know any spells.
Your spell library was empty.

Inventory:

Hand Weapons
 a - a +0 shortbow (weapon)
Armour
 c - a +0 robe (worn)
 f - a +0 cloak
Scrolls
 b - a scroll of revelation {unknown}
 d - 2 scrolls of noise {unknown}
 e - a scroll of teleportation {unknown}
Potions
 g - a potion of curing
 h - 2 potions of degeneration {unknown}
 i - a potion of lignification {unknown}
 j - a potion of haste {unknown}

Dungeon Overview and Level Annotations

Branches:
Dungeon (2/15)

Altars:

Shops:
D:4 (

Annotations:
D:4 2 transporters, qw's ghost, amateur DEHu


Message History

There is an open door here.
Found an escape hatch in the ceiling.
Found a stone staircase leading up.
Enter note: You see here a +0 ring mail.
An adder and a bombardier beetle come into view.
You shoot an arrow. The arrow hits the bombardier beetle.
The bombardier beetle is moderately wounded.
You shoot an arrow. The arrow hits the bombardier beetle!
The bombardier beetle is almost dead.
The adder hisses angrily.
You shoot an arrow.
The arrow hits the bombardier beetle but does no damage.
The bombardier beetle is almost dead.
You shoot an arrow. The arrow hits the adder.
The adder is heavily wounded.
You shoot an arrow. The arrow hits the adder.
The adder is almost dead.
The bombardier beetle sprays incendiary fluid at you.
The burning spray hits you.
You are covered in liquid fire!
You shoot an arrow. The arrow barely misses the adder.
The liquid fire burns you! The adder misses you. The adder closely misses you.
You shoot an arrow. The arrow closely misses the adder.
The liquid fire burns you! The adder closely misses you.
You shoot an arrow.
The arrow hits the adder but does no damage.
The adder is almost dead.
The liquid fire burns you! The adder bites you but does no damage.
The adder barely misses you.
You shoot an arrow. The arrow hits the adder.
You kill the adder!
The liquid fire burns you!
You shoot an arrow.
The arrow hits the bombardier beetle but does no damage.
The bombardier beetle is almost dead.
The liquid fire burns you!
You die...

#..f#..# #........#...%#.#
...?#..# #........'.##...#
...[#^.[##........########
....#.............#
#...#..###........#
##.......########
#...............
##......[...^....
.......@.........
.....B...........
......###........ ......
#......<. ...... #........
..... ######### .... ....


You could see a bombardier beetle.

Vanquished Creatures
  4 adders
  A dart slug (D:4)
  A ribbon worm (D:2)
  An orc (D:2)
  7 ball pythons
  2 bats (D:1)
  4 endoplasms
  2 giant cockroaches (D:1)
  6 goblins
  6 hobgoblins
  3 kobolds
  2 frilled lizards (D:1)
  3 rats
42 creatures vanquished.

Notes
Turn   | Place    | Note
-------+----------+-------------------------------------------
     0 | D:1      | qw the Spriggan Hunter began the quest for the Orb.
     0 | D:1      | Reached XP level 1. HP: 10/10 MP: 2/2
     0 | D:1      | 0 ||| qw: Version: 0.3-a-160-g6735b56
     0 | D:1      | 0 ||| qw: Game counter: 5438
     0 | D:1      | 0 ||| qw: Melee chars always use a shield: true
     0 | D:1      | 0 ||| qw: God list: Okawaru
     0 | D:1      | 0 ||| qw: Allow faded altars: false
     0 | D:1      | 0 ||| qw: Do Orc after clearing Dungeon:15 true
     0 | D:1      | 0 ||| qw: Do second Lair branch before Depths: true
     0 | D:1      | 0 ||| qw: Lair rune preference: random
     0 | D:1      | 0 ||| qw: Goals: Normal
     0 | D:1      | 0 ||| PLANNING D:1-11
    39 | D:1      | Reached skill level 3 in Dodging
    78 | D:1      | Reached XP level 2. HP: 14/14 MP: 3/3
   216 | D:1      | Found a faded altar of an unknown god.
   634 | D:1      | 634 ||| READING scroll labelled VONEL DITZ.
   660 | D:1      | 660 ||| READING scroll labelled UFAL HAABB.
   660 | D:1      | 660 ||| IDENTIFYING fuming green potion
   661 | D:1      | 661 ||| READING scroll labelled ULAITS JUORUISK.
   662 | D:1      | 662 ||| DROPPING scroll of butterflies.
   684 | D:2      | Reached XP level 3. HP: 18/18 MP: 4/4
   964 | D:2      | You fall into a shaft and drop 2 floors!
   965 | D:4      | 965 ||| PLANNING SEWER
   988 | D:4      | Reached skill level 5 in Ranged Weapons
   997 | D:4      | Found a transporter.
   997 | D:4      | Noticed qw's ghost (amateur DEHu)
  1000 | D:4      | Noticed a killer bee
  1019 | D:4      | Found a transporter.
  1046 | D:4      | Found Joadin's Antique Weapon Shoppe.
  1058 | D:4      | Reached XP level 4. HP: 22/22 MP: 5/5
  1089 | D:4      | HP: 1/22 [burnt (6)]
  1090 | D:4      | Incinerated by a bombardier beetle

Levels and vault maps discovered:
D:1:      minmay_arrival_five_plusses, layout_basic,
          shapermc_ecumenical_altar_notcrosses
D:2:      layout_loops_cross
D:4:      layout_basic, portal_sewer_entry_b, serial_shops,
          nicolae_shop_scrapyard, gammafunk_ghost_arena

Skill      XL: |  1  2  3 |
---------------+----------+-----
Dodging        | 3 4 |  4.7
Ranged Weapons | 5 |  5.0
Fighting       | |  1.5
Stealth        | |  1.5

Action                     |  1- 3 |  4- 6 || total
---------------------------+-------+-------++-------
   Fire: Shortbow          |    84 |    11 ||    95
    Use: Scroll            |     3 |       ||     3
 Armour: Robe              |     4 |     1 ||     5
  Dodge: Dodged            |    11 |     4 ||    15

Table legend:
 A = Non-vault XP
 B = Vault XP
 C = Vault XP percentage of total XP
 D = Non-vault monster count
 E = Vault monster count
 F = Vault count percentage of total count
                 A         B        C        D         E       F
            +---------+---------+-------+---------+---------+-------
      Total |     123 |       0 |   0.0 |      42 |       0 |   0.0
            +---------+---------+-------+---------+---------+-------
        D:1 |      38 |       0 |   0.0 |      22 |       0 |   0.0
        D:2 |      37 |       0 |   0.0 |      13 |       0 |   0.0
        D:4 |      48 |       0 |   0.0 |       7 |       0 |   0.0
            +---------+---------+-------+---------+---------+-------
